Map: [ESL] Gresvan

Players

ByuN

  • Race: Terran Terran

Maru - Winner!

  • Race: Terran Terran

Event: IEM Katowice 2023

VOD

Have the link to the VOD?

Description

Time

  • Played on: Feb. 9, 2023, 2:23 p.m.
  • Length: 31:17

All games in this series

Show
View Real Time Build Order
Export as new Build Order

ByuN Terran 

Build Orders:  

Get SALT Encoding   

  12  0:00  SCV  
  13  0:12  SCV  
  14  0:17  Supply Depot  
  14  0:24  SCV  
  15  0:38  SCV  
  15  0:39  Barracks  
  16  0:43  Refinery  
  16  0:51  SCV  
  16  0:54  Refinery  
  17  1:03  SCV  
  18  1:15  SCV  
  19  1:26  Barracks Reactor  
  19  1:27  Orbital Command  
  19  1:34  Supply Depot  
  19  1:40  Factory  
  19  1:53  SCV  
  20  2:02  Reaper  
  20  2:03  Reaper  
  20  2:05  SCV  
  23  2:18  SCV  
  24  2:24  Hellion  
  26  2:33  Command Center  
  26  2:35  Reaper x2  
  28  2:45  Hellion  
  28  2:46  Supply Depot  
  28  2:47  SCV  
  31  2:57  Starport  
  31  3:07  SCV  
  31  3:08  Reaper  
  31  3:10  Hellion  
  31  3:12  Reaper  
  37  3:20  SCV  
  37  3:32  Factory Tech Lab  
  38  3:34  Starport Tech Lab, SCV  
  38  3:43  Marine  
  38  3:44  Marine, Refinery  
  38  3:46  Orbital Command  
  38  3:47  SCV  
  41  3:52  Cyclone  
  44  3:57  Banshee  
  44  4:00  SCV  
  48  4:04  Marine x2  
  50  4:10  Supply Depot  
  50  4:12  SCV  
  50  4:13  SCV  
  52  4:24  SCV  
  51  4:25  SCV  
  49  4:32  Siege Tank  
  49  4:36  SCV  
  49  4:37  Marine  
  49  4:38  SCV  
  53  4:39  Marine  
  53  4:43  Raven  
  56  4:46  Supply Depot  
  56  4:48  SCV  
  56  4:50  SCV  
  58  4:55  Marine  
  58  4:57  Marine  
  60  5:00  SCV, Supply Depot  
  60  5:02  SCV  
  60  5:07  Siege Tank  
  60  5:12  SCV  
  60  5:13  Marine  
  66  5:14  SCV  
  66  5:15  Marine  
  58  5:24  SCV  
  58  5:26  SCV  
  57  5:36  SCV  
  57  5:40  Siege Tank  
  56  5:43  SCV, Refinery  
  56  5:46  Viking x2  
  56  5:48  SCV  
  62  5:50  Marine  
  62  5:55  SCV  
  64  6:00  SCV  
  63  6:12  Siege Tank  
  63  6:16  Viking x2  
  66  6:19  Marine  
  65  6:37  Marine  
  65  6:39  Starport  
  63  6:45  Stimpack  
  63  6:46  Viking x2  
  63  6:47  SCV x2  
  66  6:50  Command Center  
  63  6:55  Marine  
  63  6:59  SCV x2  
  63  7:03  Cyclone  
  65  7:13  Marine  
  68  7:16  Barracks, Viking  
  68  7:17  Barracks  
  68  7:20  Viking  
  68  7:22  Viking  
  72  7:25  SCV x2  
  74  7:31  Marine  
  75  7:37  SCV x2, Supply Depot x2  
  75  7:44  Engineering Bay  
  77  7:45  Engineering Bay  
  77  7:51  Siege Tank  
  78  7:52  SCV  
  78  7:53  SCV  
  72  8:06  Marine  
  72  8:10  Barracks Reactor  
  72  8:11  Terran Infantry Weapons Level 1, Barracks Reactor  
  73  8:13  SCV x2  
  73  8:16  Supply Depot  
  75  8:23  Siege Tank  
  75  8:25  SCV  
  75  8:26  SCV  
  80  8:29  Marine  
  80  8:31  Barracks  
  80  8:32  Barracks  
  80  8:33  Orbital Command  
  81  8:38  SCV x2  
  81  8:40  Combat Shield, Viking x3  
  89  8:47  Marine x3  
  89  8:48  Marine x2  
  93  8:50  SCV x2  
  96  8:59  Terran Infantry Armor Level 1  
  96  9:05  Marine x4  
  96  9:06  Marine  
  96  9:08  SCV x3  
  104  9:12  Viking  
  104  9:20  SCV x3  
  104  9:23  Marine x2  
  104  9:24  Marine x2  
  107  9:25  Marine  
  107  9:27  Siege Tank  
  107  9:30  Barracks Reactor  
  107  9:31  Barracks Reactor  
  104  9:42  Medivac  
  104  9:43  Armory  
  106  9:46  Viking  
  106  9:50  Refinery x2  
  108  9:55  Command Center  
  108  9:59  Marine x3  
  108  10:00  Marine x2  
  108  10:02  Siege Tank  
  108  10:03  SCV x3  
  117  10:22  Marine  
  117  10:24  Marine  
  117  10:27  Marine x4  
  116  10:29  Marine  
  116  10:31  Marine  
  114  10:40  Marine  
  114  10:42  Marine  
  116  10:44  Marine x2  
  116  10:45  Terran Infantry Weapons Level 2  
  116  10:47  Factory, Supply Depot  
  116  10:49  Marine x4, Siege Tank, Supply Depot  
  124  10:50  Barracks Reactor, Supply Depot  
  124  10:52  Supply Depot  
  124  11:03  Viking  
  124  11:09  Viking x2  
  128  11:13  Sensor Tower, Terran Infantry Armor Level 2  
  128  11:15  Marine  
  128  11:16  Marine x5  
  128  11:18  Marine x2  
  136  11:27  Siege Tank  
  139  11:33  Marine, Missile Turret  
  139  11:35  Medivac  
  139  11:39  Medivac  
  144  11:40  Marine  
  144  11:41  Marine x2  
  144  11:44  Marine, Command Center  
  144  11:45  Medivac  
  150  11:50  Terran Vehicle Weapons Level 1  
  150  11:57  Marine  
  150  11:59  SCV x3  
  153  12:06  Marine  
  153  12:08  Marine  
  147  12:12  Medivac x2  
  147  12:13  Marine  
  151  12:19  Marine x2  
  151  12:20  Marine  
  151  12:21  Marine  
  151  12:22  Marine x2  
  155  12:27  Supply Depot  
  155  12:31  Siege Tank  
  155  12:32  Marine  
  145  12:38  Marine x5  
  145  12:39  Marine x2  
  145  12:41  Marine  
  145  12:43  Marine  
  153  12:50  Marine  
  154  12:55  SCV x3  
  154  12:56  Marine x5  
  154  12:57  Marine  
  154  12:58  Orbital Command  
  154  13:03  Siege Tank  
  157  13:06  Marine x3  
  157  13:08  Marine  
  157  13:12  Terran Infantry Weapons Level 3  
  161  13:14  Marine x4  
  161  13:18  Siege Tank  
  164  13:28  Marine  
  164  13:29  Marine x5  
  164  13:32  Marine x3  
  156  13:35  Siege Tank, Medivac  
  154  13:49  Medivac x2  
  154  13:51  Siege Tank  
  154  13:54  Marine x3  
  154  13:55  Sensor Tower  
  164  13:59  Marine x5  
  169  14:05  Marine  
  169  14:07  Siege Tank, Marine  
  164  14:11  Command Center  
  164  14:13  Marine  
  164  14:14  Marine  
  164  14:16  Marine  
  165  14:17  Marine x5  
  165  14:23  Siege Tank  
  173  14:34  Barracks  
  173  14:35  Barracks  
  173  14:36  Barracks  
  164  14:40  Siege Tank  
  164  14:43  Marine x2  
  158  14:46  Marine x7  
  158  14:48  Marine  
  166  15:00  Marine  
  166  15:01  Marine  
  166  15:03  Marine  
  166  15:04  Marine x3  
  166  15:08  Marine  
  166  15:09  Marine x3  
  166  15:11  Siege Tank  
  166  15:16  Medivac  
  166  15:17  Medivac  
  166  15:18  Marine x2  
  166  15:21  Marine x2  
  166  15:22  Marine x2  
  166  15:26  Marine  
  166  15:27  Marine x3  
  174  15:32  Orbital Command  
  166  15:36  Marine x2  
  166  15:39  Marine x4  
  161  15:44  Marine  
  161  15:45  Marine x3  
  161  15:48  Medivac x2  
  142  15:54  Marine x2  
  146  15:57  Siege Tank, Marine x4  
  146  15:58  Medivac  
  146  15:59  Barracks Reactor x3  
  146  16:01  Marine  
  146  16:02  Marine  
  146  16:03  Marine  
  155  16:11  Marine  
  156  16:12  Marine x2  
  156  16:15  Marine x2  
  156  16:16  Marine x2  
  159  16:18  Medivac  
  159  16:19  Marine  
  159  16:20  Marine, Siege Tank  
  159  16:22  Marine  
  167  16:29  Marine, Siege Tank  
  165  16:33  Marine  
  165  16:35  Marine  
  165  16:36  Marine  
  159  16:41  Marine x4  
  159  16:43  Marine  
  159  16:45  Marine x5  
  159  16:46  Marine x3  
  172  16:50  Marine  
  172  16:53  Siege Tank, Marine  
  172  16:54  Marine  
  170  16:58  Marine  
  170  16:59  Marine x3  
  173  17:01  Siege Tank, Marine  
  173  17:03  Marine  
  173  17:04  Marine  
  173  17:05  Marine x4  
  173  17:06  Marine x2  
  151  17:17  Marine x3  
  151  17:18  Marine x2  
  151  17:19  Marine  
  151  17:21  Medivac  
  151  17:22  Medivac  
  156  17:24  Marine  
  156  17:25  Siege Tank  
  156  17:26  Marine  
  156  17:27  Marine x6  
  156  17:29  Marine  
  164  17:33  Siege Tank, Medivac  
  164  17:34  Marine  
  162  17:38  Marine  
  162  17:39  Marine  
  162  17:40  Marine x2  
  162  17:41  Marine  
  162  17:42  Marine  
  156  17:45  Marine x2  
  156  17:48  Marine x2  
  156  17:49  Marine  
  156  17:50  Marine  
  156  17:51  Marine x2, Medivac  
  141  17:53  Marine  
  141  17:54  Marine  
  141  17:55  Marine  
  141  17:56  Medivac  
  141  17:57  Siege Tank  
  153  18:03  Medivac  
  153  18:05  Marine  
  154  18:08  Marine x2  
  154  18:10  Marine x2  
  154  18:11  Marine  
  156  18:14  Marine  
  156  18:18  Marine  
  158  18:21  Siege Tank, Medivac  
  158  18:24  Marine x7  
  166  18:29  Siege Tank  
  163  18:37  Marine  
  163  18:38  Marine  
  163  18:40  Marine  
  163  18:41  Marine x4  
  145  18:48  Marine x8  
  147  18:52  Marine  
  147  18:53  Siege Tank  
  158  18:56  Marine x2  
  158  18:58  Marine  
  158  18:59  Marine  
  158  19:01  Siege Tank, Marine  
  158  19:02  Marine  
  161  19:03  Marine  
  161  19:05  Orbital Command  
  161  19:06  Marine x2  
  164  19:13  Marine  
  164  19:14  Marine x4  
  164  19:16  Marine  
  170  19:21  Liberator x2  
  170  19:25  Siege Tank  
  173  19:32  Marine x6  
  173  19:33  Marine, Siege Tank  
  173  19:36  Marine x2  
  184  19:49  Marine x2  
  184  19:52  Marine x2  
  154  19:53  Marine x2  
  154  19:54  Marine x4  
  154  19:55  Marine  
  154  19:56  Marine x2  
  154  19:58  Siege Tank  
  154  19:59  Marine  
  165  20:00  Marine  
  165  20:01  Marine  
  165  20:05  Siege Tank  
  171  20:07  Marine  
  171  20:09  Marine  
  171  20:10  Marine x2  
  171  20:11  Marine x2  
  171  20:12  Marine  
  169  20:19  Marine  
  169  20:20  Marine  
  169  20:21  Marine  
  169  20:26  Marine  
  169  20:27  Marine x7  
  175  20:30  Siege Tank  
  175  20:33  Marine  
  175  20:34  Marine x4  
  183  20:37  Siege Tank, Marine  
  183  20:38  Marine  
  183  20:41  Orbital Command  
  183  20:45  Marine x8  
  191  20:56  Marine  
  191  20:57  Marine x3, Sensor Tower  
  192  21:00  Marine x3  
  195  21:10  Supply Depot  
  195  21:14  Starport Reactor  
  195  21:15  Marine x2  
  195  21:16  Orbital Command  
  195  21:17  Siege Tank x2  
  190  21:20  Marine x9  
  190  21:21  Marine x3  
  180  21:33  Marine  
  180  21:34  Marine  
  180  21:35  Marine  
  180  21:37  Marine  
  180  21:38  Marine  
  185  21:41  Marine  
  185  21:42  Marine x10  
  192  21:48  Medivac  
  192  21:49  Siege Tank x2  
  192  21:52  Refinery  
  192  21:53  Refinery  
  200  21:57  Refinery x2  
  188  22:19  Marine x10  
  188  22:20  Marine x4  
  199  22:29  Siege Tank  
  193  22:33  Marine x2  
  193  22:36  Marine  
  193  22:37  Marine  
  191  22:43  Marine x2  
  170  22:45  Marine  
  170  22:46  Marine  
  170  22:47  Marine x8  
  170  22:49  Liberator x2  
  180  22:51  Marine x2  
  180  22:54  Siege Tank, Marine x2  
  181  23:01  Siege Tank, Marine x2  
  181  23:03  Marine x2  
  181  23:04  Marine  
  181  23:05  Marine x7  
  193  23:09  Marine x2  
  193  23:12  Marine x2  
  196  23:19  Marine x2  
  186  23:21  Marine  
  186  23:24  Marine x2  
  186  23:25  Marine x5  
  186  23:26  Marine  
  179  23:30  Marine  
  179  23:31  Marine, Medivac  
  179  23:32  Marine  
  179  23:33  Marine x2  
  179  23:35  Siege Tank  
  179  23:37  Marine, Medivac  
  167  23:55  Orbital Command  
  167  24:00  Marine  
  167  24:01  Marine x3, Medivac  
  167  24:02  Marine x3  
  156  24:03  Marine x5, Siege Tank  
  156  24:05  Marine  
  156  24:10  Marine  
  156  24:11  Medivac  
  153  24:22  Marine x2  
  153  24:23  Marine  
  156  24:46  Supply Depot  
  156  24:47  Orbital Command, Supply Depot x2  
  156  24:48  Supply Depot  
  156  24:51  Marine  
  156  24:52  Marine  
  156  25:02  Marine  
  156  25:03  Marine  
  156  25:05  Marine  
  156  25:06  Marine  
  156  25:08  Marine x10, Siege Tank x2  
  156  25:09  Marine x2  
  156  25:13  Medivac  
  175  25:20  Marine  
  176  25:21  Marine  
  176  25:22  Marine  
  176  25:24  Marine  
  176  25:26  Marine x8  
  182  25:30  Marine x4  
  186  25:38  Marine  
  184  25:47  Siege Tank  
  181  25:52  Marine x5  
  186  26:00  Marine x2  
  186  26:03  Marine x2  
  187  26:09  Marine  
  183  26:11  Marine  
  183  26:12  Marine x3  
  183  26:13  Marine  
  183  26:18  Marine  
  148  26:21  Marine x3  
  148  26:23  Marine  
  136  26:26  Marine  
  136  26:28  Marine  
  136  26:29  Marine  
  136  26:30  Marine  
  140  26:50  Siege Tank  
  143  27:01  Marine x8  
  143  27:02  Marine  
  152  27:17  Marine x5  
  153  27:32  Marine  
  153  27:36  Marine  
  150  27:39  Marine x2  
  150  27:42  Orbital Command  
  147  27:48  Marine  
  129  28:06  Marine  
  129  28:07  Marine x2  
  131  28:17  Marine  
  106  28:28  Marine x3  
  106  28:29  Marine  
  106  28:30  Marine  
  111  28:37  Marine x2  
  111  28:40  Marine  
  99  29:02  Liberator  
  99  29:07  Marine x2  
  99  29:09  Marine  
  102  29:12  Marine  
  102  29:13  Marine x2  
  105  29:21  Marine  
  105  29:23  Marine  
  99  29:30  Marine x2  
  101  29:32  Marine  
  97  29:47  Marine x2  
  97  29:48  Marine  
  96  29:54  Marine  
  96  29:55  Marine  
  98  30:02  Marine  
  98  30:06  Marine  
  81  30:52  Marine x2  
Show
View Real Time Build Order
Export as new Build Order

Maru Terran - Winner!

Build Orders:  

Get SALT Encoding   

  12  0:00  SCV  
  13  0:12  SCV  
  14  0:16  Supply Depot  
  14  0:24  SCV  
  15  0:38  SCV  
  15  0:39  Barracks  
  16  0:43  Refinery  
  16  0:50  SCV  
  16  0:52  Refinery  
  17  1:02  SCV  
  18  1:14  SCV  
  19  1:26  Orbital Command, Reaper  
  19  1:30  Supply Depot  
  20  1:42  Factory  
  20  1:52  SCV  
  21  1:59  Barracks Reactor  
  21  2:04  SCV  
  22  2:16  SCV  
  22  2:21  Command Center  
  23  2:28  Hellion  
  23  2:29  SCV  
  26  2:36  Reaper x2  
  28  2:40  Supply Depot  
  28  2:43  SCV  
  29  2:51  Starport  
  29  2:57  SCV  
  30  3:02  Hellion  
  32  3:07  Marine x2  
  34  3:18  SCV  
  35  3:23  Factory Tech Lab  
  35  3:25  Marine x2  
  37  3:31  Medivac  
  39  3:35  Orbital Command  
  39  3:38  SCV  
  40  3:43  Siege Tank, Marine  
  44  3:50  SCV, Supply Depot  
  44  3:54  Orbital Command  
  45  4:06  SCV  
  46  4:13  Viking  
  46  4:14  Viking  
  47  4:18  SCV  
  47  4:20  SCV  
  48  4:30  SCV  
  46  4:32  SCV  
  46  4:34  Siege Tank  
  50  4:38  Marine  
  50  4:42  SCV, Refinery  
  50  4:43  Viking  
  50  4:44  SCV  
  55  4:48  Supply Depot  
  55  4:49  Viking  
  57  4:54  SCV  
  57  4:56  Marine, SCV  
  60  5:06  SCV  
  61  5:08  SCV  
  61  5:14  Marine, Liberator  
  65  5:18  SCV  
  65  5:20  SCV  
  66  5:23  Viking  
  61  5:30  SCV  
  61  5:32  Marine, SCV  
  59  5:42  Siege Tank, SCV  
  62  5:44  SCV  
  62  5:49  Marine  
  63  5:53  Viking  
  63  5:54  SCV  
  63  5:56  Supply Depot  
  63  5:57  SCV  
  68  6:07  Marine, SCV  
  68  6:08  Supply Depot  
  70  6:12  SCV  
  70  6:17  Viking  
  71  6:19  SCV  
  71  6:24  SCV  
  71  6:25  Marine  
  72  6:26  Siege Tank  
  72  6:27  Command Center  
  72  6:30  Viking  
  72  6:31  SCV  
  77  6:36  SCV  
  78  6:43  SCV  
  78  6:45  Barracks Tech Lab  
  78  6:46  Supply Depot  
  79  6:47  Viking  
  79  6:48  SCV  
  79  6:55  SCV  
  79  6:59  Siege Tank  
  79  7:01  SCV  
  78  7:02  Barracks  
  78  7:03  Barracks  
  78  7:04  Supply Depot, Refinery  
  78  7:07  SCV  
  79  7:15  SCV  
  77  7:17  Engineering Bay  
  77  7:19  Engineering Bay  
  77  7:20  Marine, Stimpack  
  79  7:22  SCV  
  79  7:28  Viking x2  
  83  7:30  SCV  
  83  7:34  Siege Tank  
  83  7:35  SCV  
  88  7:37  Marine  
  88  7:39  Orbital Command  
  88  7:42  SCV  
  90  7:47  SCV  
  91  7:54  SCV  
  91  7:55  Marine  
  89  7:59  SCV  
  89  8:00  Viking  
  89  8:01  Viking  
  89  8:03  Barracks Reactor  
  89  8:04  Barracks Reactor  
  90  8:06  SCV  
  90  8:07  Barracks, SCV  
  90  8:09  Barracks  
  90  8:11  SCV  
  90  8:12  Siege Tank  
  94  8:18  SCV  
  94  8:19  SCV  
  96  8:20  Terran Infantry Weapons Level 1  
  96  8:21  Marine  
  96  8:23  SCV, Refinery  
  96  8:24  Refinery  
  96  8:27  Supply Depot  
  98  8:30  Viking  
  98  8:33  SCV  
  101  8:36  Viking  
  101  8:38  Marine, SCV  
  101  8:41  Marine x4  
  107  8:42  Supply Depot  
  107  8:44  Supply Depot  
  109  8:49  Siege Tank  
  109  8:52  Supply Depot  
  109  8:55  Barracks Reactor x2  
  112  8:56  Marine  
  112  8:58  Marine x2  
  112  8:59  Marine  
  112  9:02  Combat Shield  
  116  9:03  Command Center  
  116  9:06  Marine  
  117  9:14  Marine  
  117  9:16  Marine x3  
  79  9:17  SCV, Viking x2  
  124  9:25  Marine, SCV  
  120  9:31  Marine  
  120  9:32  Marine x4  
  120  9:34  Marine x3  
  120  9:36  Terran Infantry Armor Level 1  
  120  9:37  Armory  
  128  9:43  Marine  
  129  9:47  Medivac x2  
  129  9:49  Marine x3  
  129  9:50  Marine x2  
  138  9:59  Marine x2  
  135  10:00  Marine, Siege Tank  
  135  10:01  Marine  
  135  10:05  Factory, Supply Depot  
  135  10:06  SCV, Supply Depot  
  135  10:07  SCV x2, Supply Depot  
  144  10:14  Marine  
  144  10:15  Marine x4  
  144  10:17  Marine  
  144  10:18  SCV  
  148  10:30  Marine  
  148  10:33  Siege Tank  
  144  10:35  Planetary Fortress  
  144  10:36  Marine  
  144  10:37  Marine x6, Supply Depot  
  155  10:44  Liberator x2  
  155  10:45  Terran Infantry Weapons Level 2  
  155  10:46  Terran Vehicle Weapons Level 1  
  155  10:48  Marine  
  159  10:52  Missile Turret  
  158  10:57  Marine  
  158  11:01  Barracks Reactor  
  158  11:03  Sensor Tower  
  159  11:05  Siege Tank x2  
  159  11:06  Marine  
  159  11:08  SCV  
  159  11:09  SCV x2  
  169  11:17  SCV  
  169  11:20  SCV  
  169  11:21  Sensor Tower  
  170  11:27  Viking x2, Command Center  
  170  11:29  Marine x4  
  170  11:31  Terran Infantry Armor Level 2  
  178  11:38  Marine x2  
  180  11:44  Marine x4  
  184  11:50  Marine x3  
  184  11:51  Marine  
  184  11:54  Starport  
  184  11:55  Marine  
  184  11:56  Marine  
  184  11:58  Siege Tank  
  185  12:08  Marine x6  
  181  12:12  Viking  
  181  12:13  Viking  
  189  12:17  Siege Tank  
  190  12:26  Marine x6  
  196  12:33  Siege Tank  
  196  12:35  Marine x2  
  178  12:37  Marine x2  
  178  12:42  Viking  
  178  12:43  Marine  
  178  12:44  Marine x3  
  180  12:49  Siege Tank, Marine x2  
  182  13:01  Viking  
  182  13:04  Command Center, Missile Turret x2  
  182  13:05  Siege Tank, Planetary Fortress  
  187  13:12  Starport Tech Lab  
  187  13:13  SCV  
  187  13:17  Marine x3  
  191  13:21  Siege Tank  
  191  13:25  SCV  
  194  13:29  Marine  
  168  13:34  Liberator x3  
  168  13:36  Marine x6  
  168  13:37  SCV  
  168  13:40  Marine  
  185  13:42  Marine x2  
  185  13:47  Marine  
  191  13:48  Siege Tank  
  191  13:49  SCV  
  191  13:53  Siege Tank  
  191  13:54  Marine  
  196  13:59  Command Center  
  196  14:02  Marine  
  197  14:05  Missile Turret  
  197  14:06  Marine x2  
  197  14:08  Marine  
  178  14:17  Liberator  
  178  14:19  Marine x6  
  178  14:20  Marine  
  178  14:21  Orbital Command  
  188  14:24  Terran Infantry Weapons Level 3  
  188  14:26  Marine x3  
  191  14:36  Command Center  
  191  14:37  Marine x4  
  187  14:41  Marine  
  167  14:50  Siege Tank  
  167  14:51  Liberator x2  
  167  14:52  Marine  
  177  15:00  Liberator  
  180  15:10  Marine  
  180  15:11  Marine, Siege Tank  
  185  15:14  Marine  
  185  15:15  Terran Infantry Armor Level 3  
  185  15:17  Marine  
  185  15:18  Marine  
  180  15:22  Marine x5  
  185  15:28  Marine x2  
  174  15:36  Marine x2  
  174  15:38  Marine  
  174  15:40  Marine x3  
  169  15:43  Marine, Siege Tank  
  169  15:44  Marine  
  169  15:48  Marine x2  
  173  15:53  Terran Vehicle Weapons Level 2  
  173  15:54  Marine  
  173  15:56  Marine, Command Center  
  169  15:57  Marine  
  169  15:58  Marine x2, SCV x4  
  169  15:59  Orbital Command  
  169  16:00  Marine  
  169  16:02  Marine  
  169  16:03  Factory  
  178  16:06  Marine x2  
  180  16:12  Marine  
  180  16:14  Marine  
  180  16:15  Siege Tank, Marine  
  180  16:16  Marine x2  
  188  16:18  Marine  
  188  16:19  Marine  
  188  16:23  Orbital Command, Marine  
  188  16:24  Marine  
  189  16:26  Viking x2  
  189  16:30  Marine  
  189  16:32  Marine, Missile Turret  
  190  16:33  Marine x2  
  190  16:34  Marine, Liberator  
  190  16:38  Marine x2  
  186  16:41  Marine x2  
  186  16:48  Marine  
  186  16:50  Marine  
  186  16:51  Marine x3  
  171  16:56  Marine x2  
  171  16:59  Marine x2  
  171  17:00  Barracks  
  171  17:01  Siege Tank, Barracks x2  
  178  17:05  Marine  
  178  17:07  Marine  
  180  17:09  Marine x3  
  180  17:13  Marine  
  180  17:14  Marine  
  183  17:16  SCV x3  
  183  17:20  Marine x2  
  188  17:23  Marine, Orbital Command  
  188  17:24  Raven  
  188  17:29  Marine x2  
  190  17:33  Siege Tank  
  181  17:41  Marine  
  181  17:42  Marine x5  
  149  17:51  Marine x2  
  149  17:52  Marine  
  149  17:53  Marine x3  
  149  17:56  Orbital Command  
  154  17:59  Marine x6  
  154  18:01  Siege Tank  
  154  18:02  Factory  
  154  18:05  Siege Tank  
  165  18:09  Marine x3  
  165  18:11  Marine x3  
  171  18:17  Marine x6  
  170  18:23  Orbital Command  
  162  18:27  Marine x3  
  162  18:28  Marine  
  162  18:29  Marine x2  
  162  18:33  Siege Tank  
  165  18:35  Marine x6  
  165  18:37  Siege Tank  
  157  18:42  Medivac x2  
  157  18:45  Marine x3  
  157  18:46  Marine  
  157  18:47  Marine x2  
  167  18:53  Marine x6  
  173  18:56  Factory Tech Lab  
  164  19:02  Marine  
  164  19:03  Marine x2  
  164  19:04  Marine x3  
  164  19:05  Siege Tank  
  164  19:09  Siege Tank, SCV x2  
  178  19:10  Marine  
  178  19:11  Marine x5  
  178  19:16  Medivac  
  186  19:20  Marine  
  186  19:21  Marine x2  
  186  19:22  Marine x3  
  192  19:28  Marine  
  192  19:31  Command Center, Refinery  
  192  19:32  Command Center, Refinery  
  192  19:33  Marine  
  192  19:37  Siege Tank  
  192  19:38  SCV, Raven  
  194  19:40  Marine x5  
  200  19:50  SCV  
  200  19:51  Marine x2  
  200  19:52  Siege Tank  
  195  19:56  Liberator  
  195  19:59  Marine x5  
  200  20:28  Terran Vehicle Weapons Level 3  
  199  20:34  Refinery x2  
  199  20:35  Missile Turret x2  
  185  20:49  Orbital Command  
  182  21:00  Marine x2  
  183  21:06  Missile Turret  
  183  21:10  Missile Turret x2  
  183  21:13  Marine  
  183  21:18  Marine x11  
  185  21:21  Siege Tank  
  185  21:24  Medivac x2  
  179  21:31  Marine  
  167  21:35  Marine  
  167  21:36  Marine x10  
  167  21:37  Medivac  
  180  21:46  Siege Tank  
  178  21:49  Marine  
  178  21:52  Planetary Fortress  
  178  21:53  Marine x3  
  178  21:54  Marine x5, Medivac x2  
  182  22:03  Marine x3  
  182  22:07  Marine, Medivac  
  188  22:11  Marine x4  
  188  22:12  Marine  
  188  22:13  Marine x3  
  196  22:17  Siege Tank  
  196  22:21  Marine  
  200  22:29  Marine  
  198  22:30  Marine  
  198  22:33  Marine, Liberator  
  199  22:37  Marine  
  195  22:47  Marine x3  
  195  22:50  Marine  
  189  22:56  Marine  
  190  22:59  Marine  
  190  23:05  Terran Vehicle And Ship Armor Level 1  
  190  23:07  Marine x2  
  190  23:08  Marine  
  193  23:15  Marine x6  
  193  23:18  Marine  
  193  23:19  Marine  
  184  23:21  Marine  
  184  23:25  Marine x2  
  166  23:30  Siege Tank  
  166  23:33  Marine x2  
  161  23:36  Marine  
  161  23:39  Marine  
  154  23:43  Marine  
  142  23:51  Marine x2  
  142  23:54  Marine  
  138  23:57  Marine  
  138  24:01  Marine  
  132  24:07  SCV  
  132  24:08  SCV x5  
  132  24:09  Marine x2  
  139  24:12  Marine  
  139  24:14  Marine  
  140  24:19  Marine  
  140  24:20  SCV x2  
  140  24:21  SCV x3  
  147  24:26  Marine  
  147  24:27  Marine  
  147  24:30  Marine  
  149  24:32  Marine, SCV  
  149  24:34  Orbital Command  
  149  24:36  Marine  
  152  24:44  Marine x2  
  154  24:48  Marine  
  154  24:50  Marine  
  156  24:54  Marine  
  156  24:56  Barracks x2  
  156  24:57  Barracks  
  157  25:02  Marine x2  
  157  25:05  Marine  
  156  25:08  Marine  
  156  25:11  Siege Tank  
  156  25:12  Marine  
  161  25:20  Marine x2  
  163  25:23  Marine  
  163  25:26  Marine  
  163  25:30  Marine  
  162  25:38  Marine x2  
  162  25:41  Marine  
  165  25:44  Marine  
  165  25:48  Marine  
  163  25:55  Marine x4  
  163  25:56  Marine  
  157  25:59  Marine  
  157  26:01  Marine  
  159  26:05  Marine  
  157  26:13  Marine x5  
  157  26:17  Marine  
  148  26:19  Marine  
  148  26:23  Marine  
  147  26:26  Orbital Command  
  147  26:30  Marine  
  147  26:31  Marine x4, Refinery x2  
  152  26:34  Refinery, Missile Turret  
  152  26:35  Marine, Refinery  
  152  26:37  Marine  
  154  26:41  Marine  
  155  26:48  Marine x3  
  155  26:49  Marine x2  
  155  26:52  Marine  
  161  26:55  Marine  
  161  26:59  Marine  
  163  27:06  Siege Tank, Marine x3  
  163  27:07  Marine x2  
  171  27:10  Marine  
  171  27:13  Marine  
  173  27:17  Marine  
  174  27:24  Marine  
  174  27:25  Marine  
  174  27:28  Marine  
  172  27:30  Marine  
  172  27:34  Marine x2  
  168  27:42  Marine x2  
  167  27:44  Siege Tank x2  
  167  27:46  Marine  
  170  28:03  Liberator  
  155  28:09  Siege Tank  
  155  28:11  Marine  
  157  28:15  SCV  
  143  28:23  Siege Tank  
  143  28:26  Orbital Command  
  126  29:02  Liberator  
  126  29:05  Hellion  
  130  29:13  Siege Tank  
  133  29:26  Siege Tank  
  133  29:27  Marine x3  
  136  29:42  Marine  
  136  29:45  Siege Tank  
  140  29:47  Siege Tank  
  143  29:56  Marine x2  
  145  30:09  Marine x3  
  145  30:14  Marine  
  145  30:18  Marine x2  
  145  30:20  Missile Turret  
  143  30:26  Marine x2  
  143  30:27  Marine  
  135  30:59  Marine  

Tags
 
Add a new tag
Caveats
  • Supply blocks, unpowered buildings, or Contaminate may cause inaccurate times.
  • Supply counts are checked every 10 seconds.